 Dungeon Crawl Stone Soup version 0.26-a0-52-gd53d4cd (webtiles) character file.

Game seed: 14674239673996069641

1020 Faca the Skirmisher (level 8, -8/67 HPs)
             Began as a Mummy Fighter on June 6, 2020.
             Mangled by Duvessa
             ... wielding a +0 short sword
              (10 damage)
             ... on level 5 of the Dungeon.
             The game lasted 00:07:19 (4880 turns).

Faca the Skirmisher (Mummy Fighter)                 Turns: 4880, Time: 00:07:19

Health: -8/67      AC: 13    Str: 22    XL:     8   Next: 2%
Magic:  8/8        EV:  5    Int:  7    God:
Gold:   250        SH:  9    Dex: 11    Spells: 7/7 levels left

rFire    x . .     SeeInvis .   a - +1 flail
rCold    + . .     Gourm    .   c - +0 kite shield
rNeg     + + +     Faith    .   e - +0 chain mail
rPois    ∞         Spirit   .   (no helmet)
rElec    .         Reflect  .   (no cloak)
rCorr    .         Harm     .   (no gloves)
MR       ++...                  m - +0 pair of boots
Stlth    ..........             (no amulet)
HPRegen  0.21/turn              i - +4 ring of protection
MPRegen  0.11/turn              f - ring of protection from magic (curse)

@: no status effects
A: no food or potions, fire vulnerability, cold resistance 1, negative energy
resistance 3, torment resistance, unbreathing
a: no special abilities


You were on level 5 of the Dungeon.
You were not hungry.

You visited 1 branch of the dungeon, and saw 5 of its levels.

You collected 250 gold pieces.

Inventory:

Hand Weapons
 a - a +1 flail (weapon)
Missiles
 o - 7 boomerangs (quivered)
Armour
 c - a +0 kite shield (worn)
 e - a +0 chain mail (worn)
 m - a +0 pair of boots (worn)
Jewellery
 f - a cursed ring of protection from magic (right hand)
 i - a +4 ring of protection (left hand)
Wands
 d - a wand of acid (3)
 g - a wand of enslavement (3)
 k - a wand of flame (12)
Scrolls
 b - a scroll of magic mapping
 h - 3 scrolls of enchant armour
 j - a scroll of enchant weapon
 l - 2 scrolls of teleportation
 n - 3 scrolls of identify


   Skills:
 + Level 7.2 Fighting
 + Level 5.6 Maces & Flails
 - Level 2.4 Armour
 - Level 2.4 Shields


You had 7 spell levels left.
You didn't know any spells.
Your spell library was empty.

Dungeon Overview and Level Annotations

Branches:
Dungeon (5/15)
 Temple: D:4-7

Altars:
Qazlal

Annotations:
D:5 Duvessa


Innate Abilities, Weirdness & Mutations

You do not eat or drink.
Your flesh is vulnerable to fire.
You are immune to poison.
Your flesh is cold resistant. (rC+)
You are immune to negative energy. (rN+++)
You are immune to unholy pain and torment.
You can survive without breathing.


Message History

You hit Duvessa but do no damage.
Duvessa is heavily wounded.
Duvessa completely misses you.
You hit Duvessa.
Duvessa is severely wounded.
Duvessa hits you with a +0 short sword. Duvessa hits you with a +0 short sword!
You closely miss Duvessa.
Duvessa is severely wounded.
Duvessa hits you with a +0 short sword. Duvessa hits you with a +0 short sword!
* * * LOW HITPOINT WARNING * * *
Your shield and chain mail prevent you from hitting Duvessa.
Duvessa is severely wounded.
Duvessa hits you with a +0 short sword.
* * * LOW HITPOINT WARNING * * *
Duvessa hits you with a +0 short sword!
* * * LOW HITPOINT WARNING * * *
You hit Duvessa.
Duvessa is severely wounded.
Duvessa hits you with a +0 short sword!
You die...

# # .#. #.#
#e# #@# ##
.#####.### .#
........).#
.#
........#.#
.#
#.#########.#
.## #.# #.#
..######.#
#.#
.......#.#
#.#
.....#.#.#
#.#


You could see Duvessa (berserk).

Vanquished Creatures
  Sigmund (D:5)
  An orc warrior (D:4)
  A phantom (D:5)
  An ogre (D:4)
  A centaur (D:5)
  A bullfrog (D:3)
  Dowan (D:5)
  A scorpion (D:4)
  2 crimson imps
  A hound (D:5)
  An iguana (D:5)
  Jessica (D:3)
  A worker ant (D:4)
  8 adders
  2 shadow imps (D:5)
  2 oozes
  An adder skeleton (D:5)
  3 worms
  3 leopard geckos
  3 orcs
  2 giant cockroaches
  11 hobgoblins
  4 jackals (D:1)
  3 quokkas
  3 ball pythons
  12 bats
  7 frilled lizards
  A giant cockroach zombie (D:5)
  5 goblins
  8 kobolds
  A leopard gecko skeleton (D:4)
  7 rats
100 creatures vanquished.

Notes
Turn   | Place    | Note
-------+----------+-------------------------------------------
     0 | D:1      | Faca the Mummy Fighter began the quest for the Orb.
     0 | D:1      | Reached XP level 1. HP: 18/18 MP: 1/1
   113 | D:1      | Reached XP level 2. HP: 15/24 MP: 2/2
   799 | D:2      | Reached XP level 3. HP: 30/30 MP: 3/3
  1097 | D:2      | Reached skill level 4 in Fighting
  1158 | D:2      | Reached XP level 4. HP: 37/37 MP: 4/4
  1624 | D:3      | Noticed a bullfrog
  1634 | D:3      | Killed a bullfrog
  1835 | D:3      | Noticed Jessica
  1842 | D:3      | Killed Jessica
  1842 | D:3      | Reached XP level 5. HP: 43/43 MP: 5/5
  2665 | D:3      | Reached skill level 5 in Fighting
  3028 | D:3      | Reached XP level 6. HP: 51/51 MP: 6/6
  3312 | D:4      | Noticed an orc warrior
  3323 | D:4      | Killed an orc warrior
  3580 | D:4      | Reached skill level 6 in Fighting
  3580 | D:4      | Reached XP level 7. HP: 7/58 MP: 7/7
  4081 | D:5      | Entered Level 5 of the Dungeon
  4186 | D:5      | Reached skill level 5 in Maces & Flails
  4370 | D:5      | Noticed Sigmund
  4552 | D:5      | Killed Sigmund
  4552 | D:5      | Reached skill level 7 in Fighting
  4732 | D:5      | Found a stormy altar of Qazlal.
  4858 | D:5      | Noticed Dowan
  4866 | D:5      | Killed Dowan
  4866 | D:5      | Reached XP level 8. HP: 52/67 MP: 8/8
  4866 | D:5      | Noticed Duvessa
  4879 | D:5      | HP: 2/67 [Duvessa/+0 short sword (7)]
  4880 | D:5      | Mangled by Duvessa

Illustrated notes

Levels and vault maps discovered:
D:1:      zaba_arrival_water, layout_loops_ring
D:2:      minmay_razor_zed, layout_loops_corners, first_ration,
          chequers_serial_rivers_micro_a, supply_closet_lemuel
D:3:      cheibrodos_old_hovel, layout_loops_cross, uniq_jessica
D:4:      minmay_skewed_foursquare, layout_loops_ring
D:5:      layout_loops_ring, basic_altar, uniq_duvessa, uniq_sigmund

Skill      XL: |  1  2  3  4  5  6  7 |
---------------+----------------------+-----
Maces & Flails | 2 3 4 5 |  5.6
Fighting       | 4 5 6 7 |  7.2
Armour         | |  2.4
Shields        | |  2.4

Action                   |  1- 3 |  4- 6 |  7- 9 || total
-------------------------+-------+-------+-------++-------
Melee: Flail             |    83 |   262 |   102 ||   447
  Use: Scroll            |     3 |     4 |       ||     7
Armor: Scale mail        |    47 |       |       ||    47
       Chain mail        |     3 |   198 |    62 ||   263
Dodge: Dodged            |    33 |    74 |    13 ||   120
Block: Kite shield       |    43 |   154 |    34 ||   231

Table legend:
 A = Non-vault XP
 B = Vault XP
 C = Vault XP percentage of total XP
 D = Non-vault monster count
 E = Vault monster count
 F = Vault count percentage of total count
                 A         B        C        D         E       F
            +---------+---------+-------+---------+---------+-------
      Total |     816 |     642 |  44.0 |      82 |      18 |  18.0
            +---------+---------+-------+---------+---------+-------
        D:1 |      33 |       0 |   0.0 |      16 |       0 |   0.0
        D:2 |      84 |      21 |  20.0 |      20 |      10 |  33.3
        D:3 |     118 |     125 |  51.4 |      27 |       2 |   6.9
        D:4 |     182 |     204 |  52.8 |       6 |       4 |  40.0
        D:5 |     399 |     292 |  42.3 |      13 |       2 |  13.3
            +---------+---------+-------+---------+---------+-------
